2929 views
Uploaded 2020-03-02 19:57:29
Game version 1.32.2
78:19 long 1on1on1on1 ladder game on (8)MarketSquare
Saved by TALONSARIMBA
2929 views
Uploaded 2020-03-02 19:57:29
Game version 1.32.2
78:19 long 1on1on1on1 ladder game on (8)MarketSquare

136 units @ 13.4k
/ 1k
57 buildings @ 10.2k
/ 5.3k


| Moonstone | 8 | 400 |
| Potion of Healing | 6 | 900 |
| Orb of Venom | 1 | 325 |
| Scroll of Town Portal | 15 | 5250 |
| Boots of Speed | 2 | 500 |
| Potion of Lesser Invulnerability | 1 | 150 |
| total: | 33 | 7525g |
| Wisp | 75 | 4500 | / | 0 |
| Archer | 39 | 5070 | / | 390 |
| Hippogryph | 17 | 2720 | / | 340 |
| Glaive Thrower | 4 | 840 | / | 260 |
| Forest Troll High Priest | 1 | 305 | / | 40 |
| total: | 136 | 13435g | / | 1030w |
| Ancient Protector | 28 | 3780 | / | 2240 |
| Ancient of War | 2 | 300 | / | 120 |
| Moon Well | 10 | 1800 | / | 400 |
| Altar of Elders | 1 | 180 | / | 50 |
| Tree of Life | 9 | 3060 | / | 1665 |
| Ancient of Wonders | 1 | 90 | / | 30 |
| Hunter's Hall | 2 | 420 | / | 200 |
| Ancient of Wind | 4 | 600 | / | 560 |
| Tree of Ages | 1 | 320 | / | 180 |
| Tree of Eternity | 1 | 330 | / | 200 |
| total: | 57 | 10230g | / | 5265w |
| 0:06 | Wisp |
| 0:06 | Wisp |
| 0:06 | Wisp |
| 0:06 | Wisp |
| 0:06 | Wisp |
| 0:07 | Wisp |
| 0:07 | Wisp |
| 1:18 | Ancient of War |
| 1:21 | Ancient of War |
| 1:24 | Moon Well |
| 1:29 | Altar of Elders |
| 1:37 | Moon Well |
| 2:19 | Archer |
| 2:22 | Archer |
| 2:28 | Moon Well |
| 2:39 | Archer |
| 2:54 | Archer |
| 2:58 | Archer |
| 3:14 | Archer |
| 3:22 | Archer |
| 3:37 | Archer |
| 3:41 | Wisp |
| 3:48 | Immolation |
| 4:01 | Wisp |
| 4:01 | Wisp |
| 4:01 | Wisp |
| 4:36 | Evasion |
| 4:44 | Tree of Ages |
| 5:03 | Tree of Life |
| 5:19 | Archer |
| 5:38 | Archer |
| 5:47 | Moon Well |
| 5:59 | Boots of Speed |
| 6:18 | Ancient of Wonders |
| 6:38 | Moon Well |
| 7:09 | Wisp |
| 7:09 | Wisp |
| 7:22 | Forest Troll High Priest |
| 7:32 | Wisp |
| 7:32 | Wisp |
| 7:32 | Wisp |
| 7:55 | Moonstone |
| 7:58 | Immolation |
| 8:00 | Potion of Healing |
| 8:00 | Potion of Healing |
| 8:09 | Ancient of Wind |
| 8:12 | Ancient of Wind |
| 8:16 | Ancient of Wind |
| 8:32 | Ancient of Wind |
| 8:37 | Moon Well |
| 8:54 | Wisp |
| 9:17 | Evasion |
| 9:25 | Hippogryph |
| 9:31 | Wisp |
| 9:31 | Wisp |
| 9:40 | Tree of Life |
| 9:55 | Hippogryph |
| 10:00 | Wisp |
| 10:03 | Hippogryph |
| 10:15 | Moonstone |
| 10:22 | Hippogryph |
| 10:36 | Hippogryph |
| 11:37 | Hippogryph |
| 12:00 | Hunter's Hall |
| 12:03 | Wisp |
| 12:04 | Wisp |
| 12:09 | Hunter's Hall |
| 12:22 | Immolation |
| 12:26 | Potion of Healing |
| 12:29 | Wisp |
| 12:30 | Wisp |
| 12:30 | Wisp |
| 12:30 | Wisp |
| 12:30 | Wisp |
| 13:18 | Ancient Protector |
| 13:22 | Ancient Protector |
| 13:37 | Ultravision |
| 13:37 | Strength of the Wild |
| 13:38 | Reinforced Hides |
| 14:03 | Ancient Protector |
| 14:05 | Ancient Protector |
| 15:13 | Strength of the Moon |
| 15:13 | Improved Strength of the Wild |
| 15:14 | Moon Armor |
| 15:19 | Moon Well |
| 15:56 | Tree of Life |
| 16:10 | Scroll of Town Portal |
| 16:25 | Moon Well |
| 16:38 | Moon Well |
| 16:56 | Metamorphosis |
| 17:23 | Improved Strength of the Moon |
| 17:50 | Improved Bows |
| 17:51 | Glaive Thrower |
| 18:21 | Wisp |
| 18:22 | Wisp |
| 18:22 | Wisp |
| 18:22 | Wisp |
| 18:23 | Wisp |
| 18:36 | Evasion |
| 18:44 | Vorpal Blades |
| 18:56 | Moonstone |
| 18:59 | Scroll of Town Portal |
| 19:01 | Scroll of Town Portal |
| 19:29 | Tree of Eternity |
| 19:33 | Nature's Blessing |
| 20:17 | Archer |
| 20:17 | Archer |
| 20:17 | Archer |
| 20:17 | Archer |
| 20:34 | Moonstone |
| 20:41 | Archer |
| 20:57 | Archer |
| 21:03 | Scroll of Town Portal |
| 21:03 | Potion of Healing |
| 21:53 | Wisp |
| 21:53 | Wisp |
| 21:54 | Wisp |
| 21:54 | Wisp |
| 21:58 | Well Spring |
| 21:58 | Advanced Strength of the Wild |
| 21:59 | Improved Reinforced Hides |
| 22:08 | Marksmanship |
| 22:09 | Glaive Thrower |
| 22:37 | Glaive Thrower |
| 23:56 | Archer |
| 24:03 | Mana Burn |
| 24:08 | Hippogryph |
| 24:10 | Advanced Strength of the Moon |
| 24:11 | Improved Moon Armor |
| 24:11 | Advanced Reinforced Hides |
| 24:37 | Scroll of Town Portal |
| 25:07 | Orb of Venom |
| 25:07 | Potion of Healing |
| 25:47 | Mana Burn |
| 25:59 | Tree of Life |
| 27:05 | Hippogryph |
| 27:10 | Moonstone |
| 27:13 | Scroll of Town Portal |
| 27:34 | Advanced Moon Armor |
| 28:30 | Scroll of Town Portal |
| 28:57 | Glaive Thrower |
| 29:07 | Moonstone |
| 29:10 | Potion of Healing |
| 29:21 | Moon Well |
| 29:41 | Archer |
| 30:33 | Tree of Life |
| 30:38 | Ancient Protector |
| 30:39 | Ancient Protector |
| 30:41 | Ancient Protector |
| 30:44 | Ancient Protector |
| 30:47 | Ancient Protector |
| 30:51 | Ancient Protector |
| 30:53 | Ancient Protector |
| 31:33 | Mana Burn |
| 32:14 | Scroll of Town Portal |
| 32:14 | Scroll of Town Portal |
| 32:36 | Archer |
| 32:44 | Wisp |
| 32:51 | Wisp |
| 33:21 | Wisp |
| 33:21 | Wisp |
| 33:21 | Wisp |
| 33:21 | Wisp |
| 33:32 | Archer |
| 33:59 | Hippogryph |
| 35:14 | Archer |
| 35:18 | Hippogryph |
| 35:21 | Hippogryph |
| 35:27 | Wisp |
| 36:32 | Archer |
| 36:36 | Hippogryph |
| 37:10 | Archer |
| 37:31 | Archer |
| 37:55 | Archer |
| 38:00 | Scroll of Town Portal |
| 38:29 | Hippogryph |
| 38:52 | Hippogryph |
| 39:44 | Hippogryph |
| 41:05 | Archer |
| 42:24 | Ancient Protector |
| 42:27 | Ancient Protector |
| 42:37 | Ancient Protector |
| 43:40 | Moonstone |
| 44:19 | Wisp |
| 44:19 | Wisp |
| 44:19 | Wisp |
| 44:19 | Wisp |
| 44:51 | Ancient Protector |
| 45:10 | Ancient Protector |
| 45:29 | Wisp |
| 45:30 | Wisp |
| 45:30 | Wisp |
| 45:30 | Wisp |
| 46:13 | Ancient Protector |
| 46:22 | Ancient Protector |
| 46:30 | Wisp |
| 47:33 | Scroll of Town Portal |
| 48:40 | Ancient Protector |
| 48:42 | Ancient Protector |
| 50:22 | Tree of Life |
| 50:26 | Tree of Life |
| 51:37 | Archer |
| 51:40 | Hippogryph |
| 52:22 | Scroll of Town Portal |
| 52:22 | Moonstone |
| 52:28 | Archer |
| 52:47 | Archer |
| 53:11 | Archer |
| 53:41 | Wisp |
| 53:41 | Wisp |
| 53:42 | Wisp |
| 53:42 | Wisp |
| 54:49 | Archer |
| 55:38 | Scroll of Town Portal |
| 55:43 | Scroll of Town Portal |
| 57:31 | Archer |
| 57:39 | Ancient Protector |
| 57:42 | Ancient Protector |
| 57:44 | Ancient Protector |
| 57:46 | Ancient Protector |
| 58:27 | Wisp |
| 58:27 | Wisp |
| 58:27 | Wisp |
| 58:28 | Wisp |
| 58:28 | Wisp |
| 58:28 | Wisp |
| 59:27 | Wisp |
| 59:27 | Wisp |
| 59:27 | Wisp |
| 61:23 | Trueshot Aura |
| 62:21 | Archer |
| 62:53 | Scroll of Town Portal |
| 62:54 | Boots of Speed |
| 62:55 | Potion of Lesser Invulnerability |
| 63:58 | Archer |
| 64:08 | Hippogryph |
| 64:11 | Archer |
| 66:49 | Ancient Protector |
| 66:57 | Searing Arrows |
| 67:12 | Ancient Protector |
| 67:19 | Tree of Life |
| 69:17 | Archer |
| 69:43 | Wisp |
| 69:43 | Wisp |
| 69:43 | Wisp |
| 69:43 | Wisp |
| 69:43 | Wisp |
| 70:00 | Archer |
| 70:14 | Archer |
| 70:46 | Wisp |
| 71:01 | Archer |
| 71:36 | Wisp |
| 71:37 | Wisp |
| 72:53 | Wisp |
| 72:53 | Wisp |
| 73:06 | Ancient Protector |
| 73:19 | Ancient Protector |
| 75:07 | Tree of Life |
| Select group | 1402 |
| Right click | 1392 |
| Select | 972 |
| Build/train/purchase | 346 |
| Assign group | 283 |
| Use ability | 82 |
| Esc | 12 |
| Item give/drop | 4 |
| Misc. action | 1 |
| Remove unit | 1 |
/ 0k
6 buildings @ 1k
/ 0.2k
| Acolyte | 7 | 525 | / | 0 |
| Ghoul | 5 | 600 | / | 0 |
| total: | 12 | 1125g | / | 0w |
| Spirit Tower | 2 | 290 | / | 80 |
| Ziggurat | 3 | 450 | / | 150 |
| Crypt | 1 | 200 | / | 50 |
| Graveyard | 1 | 215 | / | 0 |
| Altar of Darkness | 1 | 180 | / | 50 |
| total: | 6 | 1045g | / | 250w |
| 0:40 | Acolyte |
| 0:41 | Acolyte |
| 0:46 | Acolyte |
| 0:54 | Ziggurat |
| 0:56 | Ziggurat |
| 0:57 | Ziggurat |
| 1:36 | Crypt |
| 1:54 | Graveyard |
| 2:26 | Altar of Darkness |
| 2:40 | Ghoul |
| 2:41 | Ghoul |
| 2:41 | Ghoul |
| 3:18 | Spirit Tower |
| 3:24 | Spirit Tower |
| 4:19 | Ghoul |
| 4:19 | Ghoul |
| 4:36 | Acolyte |
| 4:37 | Acolyte |
| 4:37 | Acolyte |
| 4:38 | Acolyte |
| Chat | 41 |
| Select | 40 |
| Right click | 17 |
| Build/train/purchase | 15 |
| Remove unit | 3 |
| Assign group | 1 |
| Use ability | 1 |
201 units @ 21.5k
/ 2.7k
70 buildings @ 13.7k
/ 7.4k



| Orb of Venom | 2 | 650 |
| Potion of Mana | 2 | 400 |
| Scroll of Town Portal | 12 | 4200 |
| Circlet of Nobility | 3 | 525 |
| Potion of Lesser Invulnerability | 5 | 750 |
| Boots of Speed | 1 | 250 |
| Staff of Teleportation | 1 | 150 |
| total: | 26 | 6925g |
| Wisp | 117 | 7020 | / | 0 |
| Archer | 29 | 3770 | / | 290 |
| Faerie Dragon | 25 | 3875 | / | 625 |
| Hippogryph | 4 | 640 | / | 80 |
| Chimaera | 13 | 4290 | / | 910 |
| Dryad | 13 | 1885 | / | 780 |
| total: | 201 | 21480g | / | 2685w |
| Ancient Protector | 27 | 3645 | / | 2160 |
| Altar of Elders | 1 | 180 | / | 50 |
| Moon Well | 7 | 1260 | / | 280 |
| Ancient of War | 4 | 600 | / | 240 |
| Hunter's Hall | 1 | 210 | / | 100 |
| Tree of Life | 19 | 6460 | / | 3515 |
| Ancient of Wonders | 5 | 450 | / | 150 |
| Ancient of Wind | 2 | 300 | / | 280 |
| Ancient of Lore | 2 | 310 | / | 290 |
| Chimaera Roost | 2 | 280 | / | 380 |
| Tree of Ages | 1 | 320 | / | 180 |
| Tree of Eternity | 1 | 330 | / | 200 |
| total: | 70 | 13695g | / | 7445w |
| 0:04 | Altar of Elders |
| 0:06 | Moon Well |
| 0:07 | Wisp |
| 0:22 | Ancient of War |
| 0:27 | Wisp |
| 0:41 | Wisp |
| 0:56 | Wisp |
| 1:11 | Wisp |
| 1:19 | Wisp |
| 1:23 | Archer |
| 1:38 | Archer |
| 1:41 | Wisp |
| 1:43 | Archer |
| 1:52 | Moon Well |
| 2:17 | Mana Burn |
| 2:44 | Archer |
| 2:59 | Wisp |
| 3:16 | Ancient of War |
| 3:21 | Tree of Ages |
| 3:53 | Hunter's Hall |
| 4:01 | Evasion |
| 4:04 | Moon Well |
| 4:05 | Archer |
| 4:39 | Archer |
| 5:02 | Archer |
| 5:35 | Moon Well |
| 5:53 | Wisp |
| 5:53 | Wisp |
| 6:05 | Mana Burn |
| 6:31 | Wisp |
| 6:32 | Wisp |
| 6:39 | Ancient of Wind |
| 6:47 | Wisp |
| 6:56 | Frost Arrows |
| 7:08 | Tree of Life |
| 7:20 | Wisp |
| 7:41 | Archer |
| 7:52 | Tree of Eternity |
| 8:25 | Ancient of Wonders |
| 8:55 | Ancient of Wind |
| 9:18 | Wisp |
| 9:18 | Wisp |
| 9:19 | Wisp |
| 9:19 | Wisp |
| 9:22 | Wisp |
| 9:27 | Moon Well |
| 9:29 | Strength of the Wild |
| 10:08 | Circlet of Nobility |
| 10:11 | Potion of Lesser Invulnerability |
| 10:13 | Evasion |
| 10:22 | Tree of Life |
| 10:35 | Forked Lightning |
| 11:13 | Faerie Dragon |
| 11:13 | Faerie Dragon |
| 11:46 | Well Spring |
| 11:47 | Wisp |
| 11:47 | Wisp |
| 11:48 | Wisp |
| 11:48 | Wisp |
| 11:49 | Wisp |
| 12:17 | Drunken Haze |
| 12:25 | Wisp |
| 12:25 | Wisp |
| 12:25 | Wisp |
| 12:25 | Wisp |
| 12:26 | Wisp |
| 13:02 | Faerie Dragon |
| 13:10 | Frost Arrows |
| 13:26 | Mana Burn |
| 13:33 | Faerie Dragon |
| 13:35 | Improved Strength of the Wild |
| 14:10 | Tree of Life |
| 14:35 | Breath of Fire |
| 14:58 | Faerie Dragon |
| 14:59 | Advanced Strength of the Wild |
| 15:54 | Reinforced Hides |
| 16:24 | Moon Well |
| 16:47 | Faerie Dragon |
| 17:22 | Wisp |
| 17:24 | Ancient of Lore |
| 17:25 | Ancient of Lore |
| 17:35 | Wisp |
| 17:36 | Wisp |
| 17:36 | Wisp |
| 17:36 | Wisp |
| 17:37 | Wisp |
| 18:19 | Faerie Dragon |
| 18:19 | Faerie Dragon |
| 18:19 | Faerie Dragon |
| 19:14 | Drunken Haze |
| 19:26 | Improved Reinforced Hides |
| 19:39 | Faerie Dragon |
| 19:57 | Faerie Dragon |
| 20:03 | Hardened Skin |
| 20:04 | Resistant Skin |
| 20:05 | Wisp |
| 20:28 | Forked Lightning |
| 20:51 | Orb of Venom |
| 20:59 | Faerie Dragon |
| 21:50 | Advanced Reinforced Hides |
| 22:19 | Chimaera Roost |
| 22:20 | Chimaera Roost |
| 22:21 | Wisp |
| 22:21 | Wisp |
| 22:55 | Nature's Blessing |
| 23:57 | Hippogryph |
| 23:57 | Hippogryph |
| 23:57 | Hippogryph |
| 24:06 | Breath of Fire |
| 24:07 | Orb of Venom |
| 24:09 | Scroll of Town Portal |
| 24:13 | Scroll of Town Portal |
| 24:17 | Tree of Life |
| 24:34 | Potion of Lesser Invulnerability |
| 24:36 | Circlet of Nobility |
| 24:43 | Faerie Dragon |
| 24:45 | Corrosive Breath |
| 25:51 | Hippogryph |
| 26:39 | Ancient of War |
| 27:32 | Chimaera |
| 28:12 | Wisp |
| 28:12 | Wisp |
| 28:12 | Wisp |
| 28:12 | Wisp |
| 28:13 | Wisp |
| 28:17 | Druid of the Claw Adept Training |
| 28:22 | Moon Armor |
| 28:31 | Dryad |
| 28:32 | Dryad |
| 28:37 | Potion of Mana |
| 28:37 | Potion of Mana |
| 28:53 | Tree of Life |
| 29:09 | Potion of Lesser Invulnerability |
| 29:29 | Druid of the Claw Master Training |
| 29:36 | Circlet of Nobility |
| 29:38 | Boots of Speed |
| 30:21 | Dryad |
| 30:35 | Frost Arrows |
| 31:30 | Metamorphosis |
| 32:01 | Scroll of Town Portal |
| 32:11 | Dryad |
| 32:11 | Dryad |
| 32:11 | Dryad |
| 32:12 | Dryad |
| 32:15 | Faerie Dragon |
| 32:29 | Chimaera |
| 32:30 | Chimaera |
| 33:45 | Tree of Life |
| 33:59 | Improved Moon Armor |
| 35:08 | Chimaera |
| 35:11 | Dryad |
| 35:37 | Dryad |
| 35:37 | Chimaera |
| 36:30 | Breath of Fire |
| 37:27 | Strength of the Moon |
| 38:25 | Tornado |
| 39:03 | Chimaera |
| 39:24 | Evasion |
| 39:30 | Dryad |
| 39:33 | Dryad |
| 39:52 | Advanced Moon Armor |
| 40:11 | Tree of Life |
| 40:19 | Dryad |
| 40:29 | Scroll of Town Portal |
| 40:31 | Potion of Lesser Invulnerability |
| 41:04 | Chimaera |
| 41:15 | Tree of Life |
| 41:44 | Improved Strength of the Moon |
| 42:15 | Dryad |
| 42:17 | Wisp |
| 42:17 | Wisp |
| 42:17 | Wisp |
| 42:18 | Wisp |
| 42:18 | Wisp |
| 44:11 | Mark of the Claw |
| 44:14 | Faerie Dragon |
| 44:14 | Faerie Dragon |
| 44:14 | Faerie Dragon |
| 44:15 | Faerie Dragon |
| 44:15 | Faerie Dragon |
| 44:15 | Faerie Dragon |
| 44:15 | Faerie Dragon |
| 45:18 | Wisp |
| 46:10 | Faerie Dragon |
| 46:11 | Faerie Dragon |
| 46:31 | Faerie Dragon |
| 46:31 | Faerie Dragon |
| 46:46 | Tree of Life |
| 47:17 | Wisp |
| 47:18 | Wisp |
| 47:18 | Wisp |
| 47:18 | Wisp |
| 47:21 | Ultravision |
| 47:46 | Scroll of Town Portal |
| 47:59 | Tree of Life |
| 49:53 | Scroll of Town Portal |
| 50:18 | Improved Bows |
| 50:19 | Marksmanship |
| 50:22 | Ancient of War |
| 50:45 | Tree of Life |
| 51:32 | Immolation |
| 51:34 | Storm Earth and Fire |
| 51:48 | Advanced Strength of the Moon |
| 51:50 | Archer |
| 51:50 | Archer |
| 51:51 | Archer |
| 52:58 | Tree of Life |
| 54:08 | Archer |
| 54:11 | Archer |
| 54:13 | Wisp |
| 54:13 | Wisp |
| 54:13 | Wisp |
| 55:11 | Archer |
| 55:12 | Archer |
| 55:12 | Archer |
| 55:31 | Forked Lightning |
| 56:05 | Tree of Life |
| 56:14 | Archer |
| 56:31 | Scroll of Town Portal |
| 57:23 | Ancient of Wonders |
| 57:29 | Wisp |
| 57:29 | Wisp |
| 57:29 | Wisp |
| 57:29 | Wisp |
| 57:29 | Wisp |
| 57:35 | Archer |
| 57:41 | Potion of Lesser Invulnerability |
| 57:44 | Scroll of Town Portal |
| 57:49 | Ancient of Wonders |
| 58:50 | Archer |
| 59:11 | Wisp |
| 59:11 | Wisp |
| 59:11 | Wisp |
| 59:11 | Wisp |
| 59:12 | Wisp |
| 61:00 | Archer |
| 61:00 | Archer |
| 61:04 | Scroll of Town Portal |
| 61:15 | Mana Shield |
| 61:19 | Immolation |
| 61:34 | Archer |
| 61:37 | Archer |
| 61:42 | Wisp |
| 61:42 | Wisp |
| 61:47 | Tree of Life |
| 62:13 | Ancient Protector |
| 62:21 | Wisp |
| 62:21 | Wisp |
| 62:21 | Wisp |
| 62:22 | Wisp |
| 62:29 | Tree of Life |
| 62:30 | Ancient of Wonders |
| 63:36 | Drunken Haze |
| 63:39 | Wisp |
| 63:39 | Wisp |
| 63:39 | Wisp |
| 63:40 | Archer |
| 63:51 | Wisp |
| 64:39 | Scroll of Town Portal |
| 64:44 | Tree of Life |
| 64:46 | Tree of Life |
| 64:48 | Tree of Life |
| 65:18 | Chimaera |
| 65:34 | Archer |
| 65:59 | Archer |
| 66:14 | Archer |
| 66:21 | Chimaera |
| 66:23 | Moon Well |
| 67:37 | Archer |
| 67:40 | Wisp |
| 67:40 | Wisp |
| 67:41 | Wisp |
| 67:41 | Wisp |
| 67:41 | Wisp |
| 67:42 | Wisp |
| 67:42 | Wisp |
| 67:42 | Wisp |
| 67:43 | Wisp |
| 67:43 | Wisp |
| 67:44 | Wisp |
| 67:44 | Wisp |
| 67:44 | Wisp |
| 67:44 | Wisp |
| 67:45 | Wisp |
| 68:46 | Immolation |
| 69:10 | Archer |
| 69:11 | Chimaera |
| 69:27 | Ancient Protector |
| 70:09 | Drunken Brawler |
| 70:20 | Ancient Protector |
| 70:38 | Chimaera |
| 70:58 | Ancient Protector |
| 71:00 | Wisp |
| 71:09 | Ancient Protector |
| 71:34 | Wisp |
| 71:34 | Wisp |
| 71:34 | Wisp |
| 71:34 | Wisp |
| 72:39 | Ancient Protector |
| 73:01 | Tree of Life |
| 73:07 | Ancient of Wonders |
| 73:47 | Wisp |
| 73:48 | Ancient Protector |
| 74:11 | Ancient Protector |
| 75:02 | Wisp |
| 75:02 | Wisp |
| 75:04 | Ancient Protector |
| 75:05 | Ancient Protector |
| 75:05 | Wisp |
| 75:05 | Wisp |
| 75:05 | Wisp |
| 75:05 | Wisp |
| 75:06 | Wisp |
| 75:07 | Ancient Protector |
| 75:08 | Ancient Protector |
| 75:23 | Mana Shield |
| 75:24 | Drunken Brawler |
| 75:42 | Ancient Protector |
| 75:43 | Ancient Protector |
| 75:46 | Ancient Protector |
| 75:47 | Ancient Protector |
| 75:57 | Scroll of Town Portal |
| 76:08 | Scroll of Town Portal |
| 76:31 | Staff of Teleportation |
| 76:42 | Ancient Protector |
| 76:44 | Ancient Protector |
| 76:46 | Wisp |
| 76:46 | Wisp |
| 76:46 | Wisp |
| 76:46 | Wisp |
| 76:47 | Wisp |
| 76:50 | Wisp |
| 76:50 | Wisp |
| 76:50 | Wisp |
| 76:50 | Wisp |
| 76:56 | Ancient Protector |
| 77:06 | Ancient Protector |
| 77:10 | Chimaera |
| 77:10 | Chimaera |
| 77:16 | Ancient Protector |
| 77:17 | Ancient Protector |
| 77:19 | Ancient Protector |
| 77:27 | Wisp |
| 77:28 | Ancient Protector |
| 77:30 | Ancient Protector |
| 77:35 | Ancient Protector |
| 77:37 | Ancient Protector |
| 77:43 | Wisp |
| 77:43 | Wisp |
| 77:43 | Wisp |
| Right click | 5220 |
| Select | 2571 |
| Select group | 1950 |
| Misc. action | 537 |
| Build/train/purchase | 362 |
| Use ability | 288 |
| Chat | 279 |
| Assign group | 92 |
| Item give/drop | 10 |
| Esc | 8 |
| Remove unit | 1 |
83 units @ 12k
/ 1.5k
38 buildings @ 6.3k
/ 2.1k



| Rod of Necromancy | 2 | 300 |
| Sacrificial Skull | 1 | 50 |
| Orb of Corruption | 1 | 375 |
| Potion of Mana | 3 | 600 |
| Scroll of Healing | 5 | 1250 |
| Scroll of Town Portal | 5 | 1750 |
| Potion of Lesser Invulnerability | 2 | 300 |
| Scroll of Protection | 1 | 150 |
| total: | 20 | 4775g |
| Acolyte | 30 | 2250 | / | 0 |
| Ghoul | 18 | 2160 | / | 0 |
| Crypt Fiend | 15 | 3225 | / | 600 |
| Gargoyle | 4 | 700 | / | 120 |
| Frost Wyrm | 3 | 1155 | / | 360 |
| Obsidian Statue | 11 | 2200 | / | 385 |
| Banshee | 2 | 310 | / | 60 |
| total: | 83 | 12000g | / | 1525w |
| Nerubian Tower | 6 | 600 | / | 120 |
| Spirit Tower | 1 | 145 | / | 40 |
| Crypt | 4 | 800 | / | 200 |
| Graveyard | 1 | 215 | / | 0 |
| Ziggurat | 20 | 3000 | / | 1000 |
| Altar of Darkness | 1 | 180 | / | 50 |
| Tomb of Relics | 2 | 260 | / | 60 |
| Necropolis | 5 | 1125 | / | 0 |
| Sacrificial Pit | 1 | 75 | / | 150 |
| Slaughterhouse | 1 | 140 | / | 135 |
| Temple of the Damned | 1 | 155 | / | 140 |
| Boneyard | 2 | 350 | / | 400 |
| Halls of the Dead | 1 | 320 | / | 210 |
| Black Citadel | 1 | 325 | / | 230 |
| total: | 38 | 6300g | / | 2135w |
| 0:03 | Acolyte |
| 0:09 | Crypt |
| 0:13 | Graveyard |
| 0:19 | Acolyte |
| 0:42 | Ziggurat |
| 1:00 | Altar of Darkness |
| 1:13 | Ghoul |
| 1:26 | Tomb of Relics |
| 1:49 | Crypt Fiend |
| 2:05 | Ziggurat |
| 2:29 | Crypt Fiend |
| 2:54 | Crypt Fiend |
| 3:03 | Rod of Necromancy |
| 3:05 | Carrion Swarm |
| 3:18 | Acolyte |
| 3:30 | Nerubian Tower |
| 3:31 | Sacrificial Skull |
| 3:59 | Halls of the Dead |
| 4:31 | Vampiric Aura |
| 4:43 | Ghoul |
| 4:43 | Ghoul |
| 4:55 | Ziggurat |
| 4:59 | Creature Attack |
| 5:42 | Necropolis |
| 5:53 | Ziggurat |
| 5:56 | Carrion Swarm |
| 5:59 | Crypt Fiend |
| 6:02 | Ziggurat |
| 6:42 | Rod of Necromancy |
| 6:55 | Nerubian Tower |
| 7:02 | Nerubian Tower |
| 7:16 | Sacrificial Pit |
| 7:19 | Acolyte |
| 7:34 | Death Coil |
| 7:37 | Ghoul |
| 8:15 | Black Citadel |
| 8:39 | Unholy Aura |
| 9:18 | Crypt |
| 9:21 | Crypt |
| 9:22 | Acolyte |
| 9:22 | Acolyte |
| 9:23 | Acolyte |
| 9:23 | Acolyte |
| 9:27 | Crypt |
| 9:31 | Ziggurat |
| 9:56 | Potion of Lesser Invulnerability |
| 10:07 | Ziggurat |
| 10:10 | Ziggurat |
| 10:14 | Ziggurat |
| 10:17 | Ziggurat |
| 10:37 | Death Coil |
| 10:55 | Acolyte |
| 11:13 | Boneyard |
| 11:15 | Boneyard |
| 11:17 | Slaughterhouse |
| 11:21 | Ziggurat |
| 11:24 | Improved Creature Attack |
| 11:27 | Creature Carapace |
| 11:50 | Orb of Corruption |
| 11:51 | Frost Nova |
| 12:21 | Vampiric Aura |
| 13:04 | Gargoyle |
| 13:06 | Frost Wyrm |
| 13:08 | Obsidian Statue |
| 13:11 | Advanced Creature Attack |
| 13:14 | Necropolis |
| 13:32 | Scroll of Healing |
| 13:44 | Gargoyle |
| 14:46 | Frost Armor |
| 14:50 | Gargoyle |
| 14:55 | Unholy Aura |
| 15:08 | Acolyte |
| 15:08 | Acolyte |
| 15:09 | Acolyte |
| 15:16 | Ziggurat |
| 15:54 | Frost Wyrm |
| 15:57 | Gargoyle |
| 16:13 | Destroyer Form |
| 16:14 | Obsidian Statue |
| 16:48 | Scroll of Town Portal |
| 17:29 | Web |
| 17:30 | Crypt Fiend |
| 18:24 | Ziggurat |
| 18:25 | Ziggurat |
| 18:51 | Scroll of Healing |
| 19:58 | Frost Nova |
| 20:16 | Necropolis |
| 20:21 | Necropolis |
| 20:28 | Acolyte |
| 21:32 | Crypt Fiend |
| 21:50 | Acolyte |
| 21:51 | Acolyte |
| 21:51 | Acolyte |
| 22:26 | Acolyte |
| 22:32 | Acolyte |
| 22:34 | Acolyte |
| 22:41 | Ziggurat |
| 22:56 | Ziggurat |
| 23:13 | Ghoul |
| 23:14 | Ghoul |
| 23:23 | Ghoul Frenzy |
| 23:35 | Nerubian Tower |
| 23:44 | Ziggurat |
| 23:47 | Nerubian Tower |
| 24:04 | Ghoul |
| 24:27 | Carrion Swarm |
| 24:50 | Crypt Fiend |
| 25:43 | Crypt Fiend |
| 25:56 | Scroll of Healing |
| 26:00 | Ghoul |
| 26:09 | Scroll of Town Portal |
| 26:25 | Nerubian Tower |
| 26:59 | Acolyte |
| 26:59 | Acolyte |
| 27:00 | Acolyte |
| 27:01 | Acolyte |
| 27:01 | Acolyte |
| 27:11 | Ziggurat |
| 27:21 | Ghoul |
| 28:07 | Burrow |
| 28:07 | Ghoul |
| 28:31 | Acolyte |
| 29:10 | Ziggurat |
| 29:45 | Unholy Strength |
| 30:45 | Scroll of Protection |
| 30:47 | Potion of Lesser Invulnerability |
| 31:00 | Scroll of Healing |
| 32:03 | Death Coil |
| 32:32 | Obsidian Statue |
| 32:51 | Spirit Tower |
| 33:22 | Unholy Armor |
| 33:39 | Frost Armor |
| 34:12 | Obsidian Statue |
| 34:17 | Obsidian Statue |
| 34:44 | Improved Creature Carapace |
| 35:27 | Obsidian Statue |
| 36:09 | Obsidian Statue |
| 36:28 | Improved Unholy Armor |
| 36:49 | Necropolis |
| 36:51 | Ziggurat |
| 39:07 | Obsidian Statue |
| 39:08 | Frost Wyrm |
| 39:12 | Crypt Fiend |
| 39:14 | Ghoul |
| 39:25 | Ghoul |
| 39:29 | Inferno |
| 40:00 | Scroll of Healing |
| 40:42 | Potion of Mana |
| 41:22 | Temple of the Damned |
| 42:18 | Obsidian Statue |
| 42:33 | Acolyte |
| 42:55 | Banshee Adept Training |
| 44:03 | Unholy Aura |
| 44:20 | Banshee |
| 44:27 | Banshee |
| 45:17 | Obsidian Statue |
| 45:49 | Scroll of Town Portal |
| 46:45 | Tomb of Relics |
| 46:49 | Frost Nova |
| 47:02 | Acolyte |
| 47:17 | Acolyte |
| 47:48 | Acolyte |
| 48:23 | Scroll of Town Portal |
| 49:32 | Potion of Mana |
| 49:43 | Scroll of Town Portal |
| 50:01 | Ghoul |
| 51:28 | Ghoul |
| 51:52 | Ghoul |
| 52:49 | Potion of Mana |
| 53:44 | Sleep |
| 53:49 | Death Pact |
| 53:55 | Ghoul |
| 54:07 | Ghoul |
| 54:59 | Frost Armor |
| 55:56 | Crypt Fiend |
| 56:15 | Acolyte |
| 56:46 | Crypt Fiend |
| 57:39 | Crypt Fiend |
| 57:47 | Obsidian Statue |
| 58:46 | Crypt Fiend |
| 58:49 | Crypt Fiend |
| 59:23 | Crypt Fiend |
| 60:39 | Vampiric Aura |
| 60:42 | Dark Ritual |
| 65:51 | Animate Dead |
| 71:19 | Ghoul |
| Right click | 6461 |
| Select group | 4876 |
| Select | 1956 |
| Chat | 325 |
| Assign group | 293 |
| Build/train/purchase | 232 |
| Misc. action | 178 |
| Use ability | 173 |
| Esc | 17 |
| Item give/drop | 7 |
| Remove unit | 1 |
⇛